 Dungeon Crawl Stone Soup version 0.29.1-1-gd02db6906a (webtiles) character file.

Game seed: 11218291188728092891

74 Powertoast the Chopper (level 4, -5/41 HPs)
             Began as a Hill Orc Fighter on Sept 20, 2022.
             Killed from afar by an orc wizard (6 damage)
             ... with a magic dart
             ... on level 3 of the Dungeon.
             The game lasted 00:03:20 (1615 turns).

Powertoast the Chopper (Hill Orc Fighter)           Turns: 1615, Time: 00:03:20

Health: -5/41      AC:  8    Str: 20    XL:     4   Next: 28%
Magic:  4/4        EV:  9    Int:  8    God:
Gold:   137        SH:  4    Dex: 10    Spells: 3/3 levels left

rFire   . . .      SeeInvis .   a - +0 war axe
rCold   . . .      Faith    .   c - +0 buckler
rNeg    . . .      Spirit   .   b - +0 scale mail
rPois   .          Reflect  .   s - +0 hat
rElec   .          Harm     .   r - +0 cloak
rCorr   .          Rampage  .   (no gloves)
Will    .....                   (no boots)
Stlth   ..........              (no amulet)
HPRegen 0.13/turn               (no ring)
MPRegen 0.09/turn               (no ring)

@: no status effects
A: no striking features
a: no special abilities


You were on level 3 of the Dungeon.
You visited 1 branch of the dungeon, and saw 3 of its levels.

You collected 137 gold pieces.

Inventory:

Hand Weapons
 a - a +0 war axe (weapon)
Armour
 b - a +0 scale mail (worn)
 c - a +0 buckler (worn)
 r - a +0 cloak (worn)
 s - a +0 hat (worn)
Jewellery
 l - a ring of positive energy
 t - a ring of ice
Scrolls
 g - a scroll of blinking {unknown}
 j - a scroll of fear {unknown}
 k - 2 scrolls of enchant armour {unknown}
 n - a scroll of teleportation {unknown}
 o - a scroll of silence {unknown}
 p - a scroll of poison {unknown}
 q - 2 scrolls of vulnerability {unknown}
 u - 2 scrolls of noise {unknown}
 v - a scroll of butterflies {unknown}
Potions
 d - a potion of might
 e - a potion of degeneration {unknown}
 f - a potion of flight {unknown}
 h - 3 potions of curing {unknown}
 i - a potion of attraction {unknown}
 m - a potion of brilliance {unknown}


   Skills:
 + Level 4.5 Fighting
 * Level 5.0 Axes
 - Level 3.2 Armour
 - Level 3.2 Shields


You had 3 spell levels left.
You didn't know any spells.
Your spell library contained the following spells:

 Spells                   Type           Power      Damage    Failure   Level
 Conjure Ball Lightning   Conj/Air       0%         3x3d6     100%        6
 Discord                  Hex            0%         N/A       100%        8
 Disjunction              Tloc           0%         N/A       100%        8


Dungeon Overview and Level Annotations

Branches:
Dungeon (3/15)

Altars:
Vehumet


Message History

The orc wizard casts a spell at you.
You are confused.
You closely miss the orc. x2; You barely miss the orc wizard.
The orc wizard hits you but does no damage.
The orc closely misses you. The orc hits you but does no damage.
You are electrocuted!
The orc attacks as you move away! The orc hits you but does no damage.
Found a stone staircase leading down.
The orc wizard hits you but does no damage.
The orc wizard hits you but does no damage.
You closely miss the orc. You barely miss the orc wizard.
The orc wizard hits you but does no damage.
The orc hits you but does no damage.
You slash the orc!
You kill the orc!
You hit the orc wizard.
The orc wizard gestures at you while chanting.
You resist with some effort.
You're too confused to move!
You feel less confused.
The orc hits you with a +1 whip of electrocution.
You are electrocuted!
* * * LOW HITPOINT WARNING * * *
You slash the orc!
You kill the orc!
The orc wizard hits you but does no damage.
Things that are here:
a +1 whip of electrocution; a +0 chain mail; an orc corpse You hit the orc wizard but do no damage.
The orc wizard is moderately wounded.
You block the orc wizard's attack.
You barely miss the orc wizard.
The orc wizard is moderately wounded.
The orc wizard hits you with a +0 dagger.
* * * LOW HITPOINT WARNING * * *
You completely miss the orc wizard.
The orc wizard is moderately wounded.
The orc wizard points at you and mumbles some strange words.
The magic dart hits you.
You die...

.# #.# .##......... ..
.#
#.##.##.........#>.#
.#
#.#......#.#.#.....#
.# #.#.).(...........#
.###.#.#..#...#...#..#
.......#....#...#....#
.#.....#..#..._...#..#
#......#....#...#....#
##.....#..#...#)@o#..#
##..................#
##.#..#...#.#.#....#
###...............#
#............####
##.#########.# #.# .#
#.# .# #.# .#


You could see an orc wizard.

Vanquished Creatures
  3 adders (D:2)
  A dart slug (D:1)
  2 orcs (D:3)
  2 ball pythons (D:1)
  2 endoplasms (D:1)
  5 giant cockroaches
  2 hobgoblins (D:1)
  2 quokkas
  6 bats
  4 frilled lizards
  4 goblins
  6 kobolds
  4 rats
43 creatures vanquished.

Notes
Turn   | Place    | Note
-------+----------+-------------------------------------------
     0 | D:1      | Powertoast the Hill Orc Fighter began the quest for the
                  | Orb.
     0 | D:1      | Reached XP level 1. HP: 19/19 MP: 1/1
    57 | D:1      | Reached skill level 3 in Axes
   164 | D:1      | Reached XP level 2. HP: 27/27 MP: 2/2
   295 | D:1      | Found a faded altar of an unknown god.
   492 | D:1      | Reached skill level 4 in Axes
   768 | D:2      | Reached XP level 3. HP: 30/33 MP: 3/3
  1207 | D:2      | Reached XP level 4. HP: 41/41 MP: 4/4
  1491 | D:3      | Identified the +0 leather armour of Ramepom {rN+}
  1581 | D:3      | Reached skill level 5 in Axes
  1590 | D:3      | Found a radiant altar of Vehumet.
  1614 | D:3      | HP: 1/41 [orc wizard/+0 dagger (3)]
  1615 | D:3      | Killed from afar by an orc wizard

Illustrated notes

Levels and vault maps discovered:
D:1:      lemuel_arrival_rhombus, layout_loops_ring,
          shapermc_ecumenical_altar_mp_ritualfount
D:2:      layout_loops_cross
D:3:      layout_loops_ring, nicolae_vehumet_radiance, minmay_box_of_dots

Skill      XL: |  1  2  3  4 |
---------------+-------------+-----
Axes           | 3 4 5 |  5.0
Fighting       | 4 |  4.5
Armour         | |  3.2
Shields        | |  3.2

Action                   |  1- 3 |  4- 6 || total
-------------------------+-------+-------++-------
Melee: War axe           |   100 |    25 ||   125
Armor: Scale mail        |    51 |    26 ||    77
Dodge: Dodged            |    52 |     8 ||    60
Block: Buckler           |    18 |     4 ||    22
